 Dungeon Crawl Stone Soup version 0.22-a0-414-gacd343e8ff (webtiles) character file.

489 Kriby the Skirmisher (level 7, -1/59 HPs)
             Began as a Gnoll Wanderer on May 13, 2018.
             Slain by Eustachio
             ... wielding the +5 rapier of the Lame Duck {freeze, *Rage rN++ MR+++ Stlth+}
              (5 damage)
             ... on level 4 of the Dungeon.
             The game lasted 00:05:41 (5610 turns).

Kriby the Skirmisher (Gnoll Wanderer)               Turns: 5610, Time: 00:05:42

Health: -1/59      AC:  8    Str: 16    XL:     7   Next: 14%
Magic:  10/10      EV:  8    Int: 14    God:
Gold:   204        SH:  4    Dex: 15    Spells: 10/10 levels left

rFire    . . .     SeeInvis .   x - +0 war axe (chop)
rCold    . . .     Gourm    .   d - +0 buckler
rNeg     . . .     Faith    .   g - +0 chain mail
rPois    .         Spirit   .   (no helmet)
rElec    .         Reflect  .   (no cloak)
rCorr    .         Harm     .   (no gloves)
MR       .....                  (no boots)
Stlth    +.........             (no amulet)
HPRegen  0.19/turn              u - ring of stealth
MPRegen  0.12/turn              (no ring)

@: hasted, very quick
A: distributed training, fangs 1, strong nose
a: no special abilities


You were on level 4 of the Dungeon.
You were very hungry.

You visited 1 branch of the dungeon, and saw 4 of its levels.

You collected 204 gold pieces.

Inventory:

Hand Weapons
 a - a +2 dagger
 x - a +0 war axe of chopping (weapon)
Missiles
 p - 8 tomahawks (quivered)
Armour
 d - a +0 buckler (worn)
 e - a +0 robe
 g - a +0 chain mail (worn)
Jewellery
 u - a ring of stealth (left hand)
Wands
 s - a wand of random effects (22)
Scrolls
 h - a scroll of fog {unknown}
 i - a scroll of blinking {unknown}
 k - a scroll of amnesia {unknown}
 l - 5 scrolls of identify {unknown}
 n - a scroll of enchant armour {unknown}
 o - 6 scrolls of teleportation {unknown}
 q - 2 scrolls of magic mapping {unknown}
 r - 3 scrolls of remove curse {unknown}
 t - 3 scrolls of random uselessness {unknown}
 v - a scroll of noise {unknown}
Potions
 b - a potion of haste
 c - a potion of lignification
 j - a potion of curing
 m - a potion of resistance {unknown}
 w - 2 potions of brilliance {unknown}
Comestibles
 f - 8 rations


   Skills:
 + Level 6.9 Fighting
 + Level 2.2 Short Blades
 + Level 5.1 Long Blades
 + Level 2.2 Axes
 + Level 2.2 Maces & Flails
 + Level 2.2 Polearms
 + Level 2.2 Staves
 + Level 2.2 Slings
 + Level 2.2 Bows
 + Level 3.4 Crossbows
 + Level 2.2 Throwing
 + Level 2.2 Armour
 + Level 3.4 Dodging
 + Level 4.7 Stealth
 + Level 2.2 Shields
 + Level 2.2 Unarmed Combat
 + Level 2.2 Spellcasting
 + Level 1.8 Conjurations
 + Level 1.8 Hexes
 + Level 1.8 Charms
 + Level 1.8 Summonings
 + Level 1.8 Necromancy
 + Level 1.8 Translocations
 + Level 1.8 Transmutations
 + Level 1.8 Fire Magic
 + Level 1.8 Ice Magic
 + Level 1.8 Air Magic
 + Level 1.8 Earth Magic
 + Level 1.8 Poison Magic
 + Level 2.5 Invocations
 + Level 3.4 Evocations


You had 10 spell levels left.
You didn't know any spells.
Your spell library was empty.

Dungeon Overview and Level Annotations

Branches:
Dungeon (4/15)
 Temple: D:4-7

Altars:
Elyvilon
Fedhas
Gozag
Okawaru

Annotations:
D:4 Eustachio


Innate Abilities, Weirdness & Mutations

Your experience applies equally to all skills.
You have very sharp teeth.
Your uncanny sense of smell can sniff out nearby items.


Message History

You hit the shadow imp.
Eustachio hits you with a translucent rapier {freeze}.
* * * LOW HITPOINT WARNING * * *
Eustachio freezes you.
* * * LOW HITPOINT WARNING * * *
Eustachio hits you with a translucent rapier {freeze}.
* * * LOW HITPOINT WARNING * * *
Eustachio freezes you.
* * * LOW HITPOINT WARNING * * *
The shadow imp hits you but does no damage.
Eustachio hits you but does no damage.
Your chain mail prevents you from hitting Eustachio.
Eustachio is heavily wounded.
Your chain mail prevents you from hitting the shadow imp.
Eustachio barely misses you.
The shadow imp hits you but does no damage.
The shadow imp barely misses you.
You feel yourself speed up.
Eustachio hits you with a translucent rapier {freeze}.
You die...

##.. #... ### ##... #... ...#
.# #....##.## #.# .....'...##
#..# #....##...## #...#
##.##### #.).55@@...## ##....
.......# #....##5#...###..#.#
.......# #......<#.#.....##.#
.......#########.#.###.#.##.#
..........#...##.#.###...##.#
.......#..#..#.#........###.#
#.......#....###......# #.#
#............# ######.# #.#
#..####.#.#### #.###'####


You could see Eustachio (berserk), a quasit, a crimson imp and a shadow imp.

Vanquished Creatures
  The ghost of feta the Shield-Bearer, an amateur FoFi (D:3)
  A bullfrog skeleton (D:4)
  An orc wizard (D:3)
  Natasha (thrice) (D:4)
  6 adders
  3 oozes
  2 worms
  2 dart slugs
  2 leopard geckos (D:1)
  6 orcs
  4 giant cockroaches
  6 hobgoblins
  7 jackals
  2 quokkas
  10 bats
  7 frilled lizards
  8 goblins
  11 kobolds
  7 rats
89 creatures vanquished.

Notes
Turn   | Place    | Note
-------+----------+-------------------------------------------
     0 | D:1      | Kriby the Gnoll Wanderer began the quest for the Orb.
     0 | D:1      | Kriby set off with: a +2 dagger, a potion of haste, a potion of lignification, a potion of curing, a +0 robe, a ration
     0 | D:1      | Reached XP level 1. HP: 23/23 MP: 2/2
    47 | D:1      | Reached XP level 2. HP: 16/29 MP: 3/3
   433 | D:1      | Reached XP level 3. HP: 35/35 MP: 4/4
  1152 | D:2      | Reached skill level 1 in Invocations
  1155 | D:2      | Reached skill level 1 in Short Blades
  1155 | D:2      | Reached skill level 1 in Axes
  1155 | D:2      | Reached skill level 1 in Maces & Flails
  1155 | D:2      | Reached skill level 1 in Polearms
  1155 | D:2      | Reached skill level 1 in Staves
  1155 | D:2      | Reached skill level 1 in Slings
  1155 | D:2      | Reached skill level 1 in Bows
  1155 | D:2      | Reached skill level 1 in Throwing
  1155 | D:2      | Reached skill level 1 in Armour
  1155 | D:2      | Reached skill level 1 in Shields
  1155 | D:2      | Reached skill level 1 in Unarmed Combat
  1155 | D:2      | Reached skill level 1 in Spellcasting
  1158 | D:2      | Reached XP level 4. HP: 14/41 MP: 4/6
  2077 | D:2      | Reached skill level 1 in Conjurations
  2077 | D:2      | Reached skill level 1 in Hexes
  2077 | D:2      | Reached skill level 1 in Charms
  2077 | D:2      | Reached skill level 1 in Summonings
  2077 | D:2      | Reached skill level 1 in Necromancy
  2077 | D:2      | Reached skill level 1 in Translocations
  2077 | D:2      | Reached skill level 1 in Transmutations
  2077 | D:2      | Reached skill level 1 in Fire Magic
  2077 | D:2      | Reached skill level 1 in Ice Magic
  2077 | D:2      | Reached skill level 1 in Air Magic
  2077 | D:2      | Reached skill level 1 in Earth Magic
  2077 | D:2      | Reached skill level 1 in Poison Magic
  2423 | D:2      | Found a white marble altar of Elyvilon.
  2502 | D:2      | Reached XP level 5. HP: 47/47 MP: 7/7
  2507 | D:2      | Found an opulent altar of Gozag.
  2509 | D:2      | Found an iron altar of Okawaru.
  2582 | D:3      | Found a blossoming altar of Fedhas.
  3119 | D:3      | Noticed feta's ghost (amateur FoFi)
  3460 | D:3      | HP: 2/47 [poisoned by a kobold]
  3468 | D:3      | HP: 2/47 [poisoned by a kobold]
  4002 | D:3      | Killed feta's ghost
  4002 | D:3      | Reached skill level 5 in Long Blades
  4002 | D:3      | Reached XP level 6. HP: 36/53 MP: 7/9
  4389 | D:4      | Noticed Natasha
  4438 | D:4      | Killed Natasha
  4438 | D:4      | Reached XP level 7. HP: 13/59 MP: 10/10
  5071 | D:4      | Noticed Natasha
  5079 | D:4      | Killed Natasha
  5161 | D:4      | Noticed Natasha
  5172 | D:4      | Killed Natasha
  5305 | D:4      | Noticed Eustachio
  5610 | D:4      | Identified the +5 rapier of the Lame Duck {freeze, *Rage rN++ MR+++ Stlth+}
  5610 | D:4      | Slain by Eustachio

Vault maps used:
D:1:      minmay_arrival_open_corners, skrybe_limestone_x
D:2:      lemuel_coloured_pillars_altar, minitemple, first_ration
D:3:      overflow_temple_1_default, kennysheep_generic_room_13
D:4:      lemuel_round_altar, minmay_strange_pillars, minmay_misc_feat_rows,
          hangedman_decor_opposing, hangedman_abyss_or_decor_passed,
          st_stairs_1, nemelex_lonely_heart_becter, uniq_eustachio, uniq_natasha

Skill      XL: |  1  2  3  4  5 |
---------------+----------------+-----
Invocations    | 1 2 |  2.5
Short Blades   | 1 2 |  2.2
Axes           | 1 2 |  2.2
Maces & Flails | 1 2 |  2.2
Polearms       | 1 2 |  2.2
Staves         | 1 2 |  2.2
Slings         | 1 2 |  2.2
Bows           | 1 2 |  2.2
Throwing       | 1 2 |  2.2
Armour         | 1 2 |  2.2
Shields        | 1 2 |  2.2
Unarmed Combat | 1 2 |  2.2
Spellcasting   | 1 2 |  2.2
Conjurations   | 1 |  1.8
Hexes          | 1 |  1.8
Charms         | 1 |  1.8
Summonings     | 1 |  1.8
Necromancy     | 1 |  1.8
Translocations | 1 |  1.8
Transmutations | 1 |  1.8
Fire Magic     | 1 |  1.8
Ice Magic      | 1 |  1.8
Air Magic      | 1 |  1.8
Earth Magic    | 1 |  1.8
Poison Magic   | 1 |  1.8
Crossbows      | 3 |  3.4
Dodging        | 3 |  3.4
Evocations     | 3 |  3.4
Long Blades    | 5 |  5.1
Fighting       | |  6.9
Stealth        | |  4.7

Action                   |  1- 3 |  4- 6 |  7- 9 || total
-------------------------+-------+-------+-------++-------
Melee: Dagger            |   104 |   237 |    26 ||   367
       Bite              |     9 |    28 |     4 ||    41
       Punch             |       |     2 |       ||     2
       War axe           |       |       |    22 ||    22
Throw: Tomahawk          |       |    23 |       ||    23
Evoke: Wand              |       |     8 |     3 ||    11
  Use: Potion            |       |     6 |     3 ||     9
 Stab: Sleeping          |     5 |       |       ||     5
  Eat: Chunk             |     1 |    10 |     3 ||    14
Armor: Robe              |    16 |       |       ||    16
       Chain mail        |    15 |   142 |    20 ||   177
Dodge: Dodged            |    84 |    95 |    20 ||   199
Block: Buckler           |       |       |    11 ||    11

Table legend:
 A = Spawn XP
 B = Non-spawn XP
 C = Spawn XP percentage of total XP
 D = Spawn monster count
 E = Non-spawn monster count
 F = Spawn count percentage of total count
 G = Total turns spent on level
                    A         B        C        D         E        F      G
               +---------+---------+-------+---------+---------+-------+---------
         Total |       0 |     699 |   0.0 |       0 |      89 |   0.0 |  5610
               +---------+---------+-------+---------+---------+-------+---------
           D:1 |       0 |      52 |   0.0 |       0 |      28 |   0.0 |  1088
           D:2 |       0 |     113 |   0.0 |       0 |      28 |   0.0 |  1920
           D:3 |       0 |     383 |   0.0 |       0 |      26 |   0.0 |  1555
           D:4 |       0 |     151 |   0.0 |       0 |       7 |   0.0 |  1047
               +---------+---------+-------+---------+---------+-------+---------
